Map: Kairos Junction LE

Players

BratOK (Brat_OK)

  • Race: Terran Terran
  • Spawn Location: 11:00

Starbuck - Winner!

  • Race: Zerg Zerg
  • Spawn Location: 5:00

Event: 2019 WCS Winter Europe

VOD

Have the link to the VOD?

Description

Time

  • Played on: Feb. 2, 2019, 10:41 a.m.
  • Length: 9:44

All games in this series

Show
View Real Time Build Order
Export as new Build Order

BratOK Terran 

Build Orders: Reaper Expand 

Get SALT Encoding   

  12  0:01  SCV  
  13  0:13  SCV  
  14  0:17  Supply Depot  
  14  0:25  SCV  
  15  0:39  SCV  
  15  0:40  Barracks  
  16  0:44  Refinery  
  16  0:51  SCV  
  17  1:03  SCV  
  18  1:15  SCV  
  19  1:27  Reaper, Orbital Command  
  20  1:39  Command Center  
  20  1:48  Supply Depot  
  20  1:52  SCV  
  21  1:59  Marine  
  22  2:04  Factory  
  22  2:06  SCV  
  23  2:15  Barracks  
  23  2:17  Marine  
  24  2:29  SCV  
  24  2:38  Barracks Reactor  
  24  2:46  SCV  
  24  2:50  Factory Tech Lab  
  25  2:58  SCV  
  25  3:01  Command Center  
  26  3:07  Barracks Reactor  
  26  3:13  Orbital Command  
  26  3:19  Hellion x2  
  30  3:24  SCV  
  31  3:29  Stimpack  
  31  3:37  SCV  
  31  3:39  Marine  
  36  3:41  Hellion x2  
  36  3:43  SCV  
  36  3:47  Refinery, Marine  
  38  3:55  Supply Depot  
  38  3:58  SCV x2  
  38  4:00  Marine x2  
  42  4:06  Starport  
  42  4:10  SCV  
  42  4:12  Hellion  
  45  4:17  Marine  
  45  4:18  Marine  
  45  4:20  Orbital Command  
  45  4:22  SCV  
  48  4:30  SCV  
  49  4:36  SCV  
  50  4:39  Marine  
  50  4:40  Marine x2  
  50  4:42  SCV, Factory Tech Lab  
  54  4:48  SCV  
  54  4:51  Medivac x2  
  59  4:54  SCV  
  59  4:55  SCV  
  59  4:56  Supply Depot  
  59  4:59  Marine  
  61  5:00  Marine, Refinery  
  61  5:01  Refinery  
  61  5:03  Marine  
  64  5:07  Supply Depot  
  64  5:10  SCV x3  
  67  5:19  Siege Tank  
  70  5:22  SCV  
  70  5:25  Orbital Command, Barracks  
  70  5:27  SCV  
  72  5:33  Supply Depot  
  72  5:34  SCV  
  73  5:37  Combat Shield  
  73  5:39  SCV  
  74  5:45  Engineering Bay x2  
  74  5:58  Marine x2  
  75  6:09  Marine  
  70  6:13  Marine  
  70  6:15  Marine  
  70  6:16  Marine x2  
  70  6:17  Terran Infantry Weapons Level 1, Terran Infantry Armor Level 1  
  70  6:18  SCV x2  
  66  6:24  Starport Reactor  
  57  6:26  SCV  
  57  6:27  Barracks  
  57  6:28  Barracks  
  57  6:32  Marine x2  
  58  6:34  SCV x2, Factory Reactor  
  58  6:37  Marine  
  58  6:38  Marine x2  
  58  6:39  SCV  
  64  6:44  Supply Depot  
  64  6:49  Marine  
  64  6:52  SCV  
  64  6:53  SCV  
  67  6:56  SCV  
  68  7:02  Medivac x2  
  68  7:03  Armory, Factory  
  68  7:04  SCV  
  68  7:05  SCV  
  68  7:07  Marine  
  68  7:08  SCV, Marine x4  
  79  7:12  Supply Depot  
  80  7:17  SCV x2, Barracks Reactor x2  
  80  7:22  Widow Mine x2  
  86  7:25  Marine x3  
  86  7:28  Supply Depot  
  89  7:32  SCV x3  
  89  7:35  Medivac x2  
  96  7:37  Supply Depot, Marine x2  
  96  7:41  Supply Depot  
  96  7:43  Marine x3  
  101  7:44  SCV x2  
  101  7:45  Widow Mine x2  
  108  7:51  SCV  
  108  7:55  Marine x2  
  108  7:56  SCV  
  87  7:59  Marine  
  80  8:07  Marine x6  
  74  8:13  SCV, Marine x2  
  74  8:14  SCV  
  74  8:17  SCV, Marine  
  80  8:26  Marine  
  79  8:28  Marine  
  79  8:29  SCV  
  81  8:37  Marine x4  
  85  8:45  Marine  
  85  8:46  Marine x2  
  85  8:48  SCV x3  
  91  9:00  SCV x2  
  91  9:02  SCV  
  81  9:12  SCV x2  
  81  9:14  SCV  
  88  9:24  SCV x2  
  88  9:27  SCV  
Show
View Real Time Build Order
Export as new Build Order

Starbuck Zerg - Winner!

Build Orders: Pool First 

Get SALT Encoding   

  12  0:00  Drone  
  13  0:12  Overlord  
  13  0:16  Drone  
  14  0:30  Drone x2  
  16  0:40  Spawning Pool  
  15  0:43  Drone  
  15  0:47  Drone  
  17  1:07  Hatchery  
  17  1:11  Drone  
  17  1:14  Drone  
  17  1:16  Extractor  
  17  1:27  Zergling x2  
  17  1:28  Zergling x2  
  17  1:32  Queen  
  21  1:39  Overlord  
  21  1:48  Drone  
  22  1:59  Drone  
  23  2:07  Queen  
  25  2:11  Drone  
  26  2:18  Metabolic Boost  
  26  2:19  Queen  
  29  2:22  Drone  
  29  2:25  Drone  
  30  2:35  Drone x2  
  32  2:41  Drone  
  32  2:42  Overlord  
  32  2:44  Drone x2  
  32  2:46  Drone  
  35  2:54  Drone  
  35  3:06  Overlord  
  35  3:09  Hatchery  
  34  3:17  Drone  
  35  3:22  Evolution Chamber, Drone  
  35  3:28  Drone  
  35  3:29  Drone  
  35  3:31  Drone x3  
  35  3:32  Overlord, Queen  
  43  3:43  Overlord  
  43  3:47  Extractor  
  43  3:48  Roach Warren  
  41  3:49  Drone  
  41  3:51  Drone  
  41  3:52  Drone  
  44  3:56  Drone x2  
  44  3:57  Drone  
  44  3:58  Evolution Chamber  
  44  4:01  Evolution Chamber  
  44  4:02  Queen  
  48  4:06  Spore Crawler  
  48  4:07  Drone x2  
  49  4:15  Queen, Drone  
  52  4:18  Zergling x4  
  52  4:19  Zergling x2  
  52  4:24  Queen  
  57  4:33  Zerg Melee Weapons Level 1, Zerg Ground Armor Level 1  
  57  4:37  Drone x2  
  57  4:38  Spore Crawler  
  58  4:40  Drone  
  58  4:41  Drone  
  58  4:43  Drone  
  62  4:48  Overlord  
  62  4:49  Drone x3  
  65  4:53  Zergling x2  
  65  4:54  Overlord  
  65  4:56  Overlord  
  66  5:03  Lair  
  66  5:05  Baneling Nest  
  65  5:09  Drone x2  
  65  5:10  Zergling x4  
  65  5:12  Overlord  
  69  5:17  Drone x3  
  69  5:18  Drone  
  69  5:21  Drone x3  
  75  5:33  Zergling x4  
  75  5:34  Drone x3  
  80  5:39  Extractor, Drone  
  80  5:41  Drone x3  
  80  5:42  Extractor  
  82  5:46  Zergling x16  
  82  5:48  Baneling  
  82  5:49  Baneling x4  
  90  5:56  Zergling x2  
  90  5:57  Zergling x2  
  81  6:06  Zergling x4  
  81  6:08  Zergling x4  
  81  6:10  Zergling x4  
  81  6:14  Zergling x2  
  81  6:15  Zergling x4  
  81  6:16  Zergling x2  
  81  6:17  Zergling x2  
  81  6:18  Zergling x4  
  81  6:22  Queen  
  80  6:28  Centrifical Hooks  
  80  6:29  Overlord  
  80  6:30  Zerg Melee Weapons Level 2  
  80  6:39  Drone  
  81  6:40  Drone  
  81  6:43  Overlord x3  
  81  6:47  Queen  
  75  6:57  Drone  
  75  6:59  Zerg Ground Armor Level 2  
  76  7:02  Drone x2  
  78  7:11  Zergling x4  
  78  7:12  Zergling x16  
  88  7:16  Baneling x6  
  88  7:18  Hatchery  
  88  7:19  Hatchery  
  86  7:24  Infestation Pit, Drone  
  86  7:31  Zergling x22  
  86  7:36  Overlord  
  97  7:39  Baneling x2  
  97  7:46  Overlord  
  97  7:55  Zergling x18  
  97  7:56  Zergling x2  
  102  7:58  Baneling x6  
  102  7:59  Zergling x8  
  102  8:03  Hive  
  102  8:04  Zergling x2  
  100  8:10  Zergling x4  
  99  8:14  Zergling x2  
  98  8:26  Zergling x18  
  104  8:30  Extractor  
  104  8:31  Zergling x8  
  104  8:32  Zergling x4  
  107  8:43  Zergling x8  
  111  8:54  Zergling x24  
  118  9:00  Zergling x4  
  117  9:08  Zergling x12  
  121  9:23  Drone x7  
  121  9:24  Drone x4  
  132  9:26  Drone x2  
Tags
 
Add a new tag
Caveats
  • Supply blocks, unpowered buildings, or Contaminate may cause inaccurate times.
  • Supply counts are checked every 10 seconds.